 Dungeon Crawl Stone Soup version 0.28.0-1-gb440e238dd (webtiles) character file.

Game seed: 15006789854388390968

30382 pkoi the Destroyer (level 13, -2/102 HPs)
             Began as a Purple Draconian Fire Elementalist on Feb 21, 2022.
             Was an Elder of Vehumet.
             Slain by an elephant (6 damage)
             ... while petrified by a catoblepas
             ... on level 5 of the Lair of Beasts on Feb 22, 2022.
             The game lasted 00:40:50 (27594 turns).

pkoi the Destroyer (DrFE)                          Turns: 27594, Time: 00:40:50

Health: -2/102     AC: 13    Str: 11    XL:     13   Next: 20%
Magic:  24/26      EV:  2    Int: 20    God:    Vehumet [****..]
Gold:   1206       SH:  0    Dex: 18    Spells: 0/30 levels left

rFire   . . .      SeeInvis .   m - staff of conjuration
rCold   . . .      Faith    .   (no shield)
rNeg    + + +      Spirit   .   (armour unavailable)
rPois   ∞          Reflect  .   (helmet restricted)
rElec   .          Harm     .   g - +0 cloak
rCorr   .          Rampage  .   D - +1 pair of gloves
Will    +....                   i - +1 pair of boots
Stlth   ++........              l - amulet of the acrobat
HPRegen 0.27/turn               o - +6 ring of dexterity
MPRegen 0.20/turn               (no ring)

@: petrified
A: breathe power, AC +8, unfitting armour, cold-blooded
a: Breathe Dispelling Energy, Renounce Religion


You were on level 5 of the Lair of Beasts.
You worshipped Vehumet.
Vehumet was greatly pleased with you.
You visited 3 branches of the dungeon, and saw 17 of its levels.

You collected 1206 gold pieces.

Inventory:

Hand Weapons
 b - a +3 short sword of flaming
 d - a +5 short sword of venom
 j - the +9 trident "Conservator" {drain, rF++}
   (You found it on level 7 of the Dungeon)

   A truly terrible weapon, it drains the life of any living foe it strikes.
   rF:        It greatly protects you from fire.
Missiles
 f - 42 poisoned darts
 y - 6 curare-tipped darts
 z - a throwing net
Armour
 g - a +0 cloak (worn)
 i - a +1 pair of boots (worn)
 D - a +1 pair of gloves (worn)
Magical Staves
 m - a staff of conjuration (weapon)
Jewellery
 l - an amulet of the acrobat (around neck)
 o - a +6 ring of dexterity (left hand)
Wands
 c - a wand of flame (39)
 q - a wand of polymorph (3)
 t - a wand of charming (34)
 x - a wand of iceblast (14)
 B - a wand of paralysis (8)
 G - a wand of digging (2)
Scrolls
 a - 3 scrolls of fog
 e - 2 scrolls of identify
 h - 3 scrolls of brand weapon
 k - 11 scrolls of teleportation
 n - a scroll of fear
 r - a scroll of silence
 C - 2 scrolls of amnesia
 E - a scroll of blinking
 F - a scroll of enchant weapon
 H - a scroll of enchant armour
 L - a scroll of summoning
Potions
 p - 4 potions of heal wounds
 s - 4 potions of curing
 u - 3 potions of flight
 v - 2 potions of magic
 w - a potion of haste
 A - 2 potions of brilliance
 I - a potion of resistance
 K - a potion of cancellation


   Skills:
 - Level 6.0 Fighting
 - Level 6.0 Dodging
 - Level 1.7 Stealth
 + Level 5.7 Unarmed Combat
 - Level 9.0 Spellcasting
 - Level 12.0 Conjurations
 - Level 6.0 Hexes
 + Level 2.0 Translocations
 + Level 1.6 Transmutations
 - Level 9.0 Fire Magic
 + Level 8.1 Air Magic
 - Level 3.0 Poison Magic
 - Level 6.0 Evocations


You couldn't memorise any spells.
You knew the following spells:

 Your Spells              Type           Power      Damage    Failure   Level
a - Foxfire               Conj/Fire      100%       2x1d9     1%          1
b - Conjure Flame         Conj/Fire      66%        6-21      1%          3
c - Flame Wave            Conj/Fire      66%        2d12      1%          4
d - Blink                 Tloc           34%        N/A       4%          2
e - Poisonous Vapours     Pois/Air       62%        N/A       1%          2
f - Airstrike             Air            20%        N/A       1%          4
g - Sticky Flame          Conj/Fire      66%        2d8       1%          4
h - Fireball              Conj/Fire      33%        3d14      1%          5
i - Blade Hands           Tmut           7%         N/A       73%         5

Your spell library contained the following spells:

 Spells                   Type           Power      Damage    Failure   Level
 Magic Dart               Conj           100%       1d8       1%          1
 Shock                    Conj/Air       100%       1d9       1%          1
 Slow                     Hex            100%       N/A       1%          1
 Scorch                   Fire           90%        2d9       1%          2
 Static Discharge         Conj/Air       65%        N/A       1%          2
 Confusing Touch          Hex            33%        N/A       1%          3
 Inner Flame              Hex/Fire       39%        N/A       1%          3
 Mephitic Cloud           Conj/Pois/Air  56%        N/A       1%          3
 Swiftness                Air            41%        N/A       1%          3
 Corpse Rot               Necr/Air       50%        N/A       2%          2
 Portal Projectile        Hex/Tloc       50%        N/A       4%          3
 Conjure Ball Lightning   Conj/Air       32%        3x3d10    5%          6
 Call Imp                 Summ           9%         N/A       12%         2
 Vampiric Draining        Necr           9%         2d6       22%         3
 Dispel Undead            Necr           9%         3d8       58%         4
 Manifold Assault         Tloc           17%        N/A       67%         5
 Excruciating Wounds      Necr           4%         N/A       91%         5
 Storm Form               Tmut/Air       14%        N/A       100%        7
 Discord                  Hex            16%        N/A       100%        8
 Disjunction              Tloc           8%         N/A       100%        8


Dungeon Overview and Level Annotations

Branches:
Dungeon (10/15)            Temple (1/1) D:4            Lair (6/6) D:10
  Swamp (0/4) Lair:4        Snake (0/4) Lair:3        Slime (0/5) Lair:5
    Orc (0/2) D:9

Altars:
Ashenzari
Cheibriados
Dithmenos
Elyvilon
Fedhas
Gozag
Hepliaklqana
Kikubaaqudgha
Makhleb
Nemelex Xobeh
Okawaru
Qazlal
Ru
Sif Muna
Trog
Uskayaw
Vehumet
Wu Jian
Xom
Yredelemnul
Zin
The Shining One
Jiyva

Shops:
D:1 [   D:2 *   D:7 [   D:10 [

Annotations:
D:9 1 runed translucent door, snaxamus's ghost, novice MiFi


Innate Abilities, Weirdness & Mutations

You can breathe bolts of dispelling energy.
Your rich purple scales are hard. (AC +8)
You cannot fit into any form of body armour.
You are cold-blooded and may be slowed by cold attacks.


Message History

The elephant tramples you.
You are shoved backwards!
The wolf bites you.
* * * LOW HITPOINT WARNING * * *
The elephant tramples you.
* * * LOW HITPOINT WARNING * * *
You hold your ground!
The elephant trunk-slaps you but does no damage.
The wolf bites you.
* * * LOW HITPOINT WARNING * * *
The elephant tramples you but does no damage.
The elephant trunk-slaps you.
* * * LOW HITPOINT WARNING * * *
The wolf bites you!
* * * LOW HITPOINT WARNING * * *
The elephant tramples you but does no damage.
The elephant trunk-slaps you but does no damage.
The elephant completely misses you. The elephant trunk-slaps you.
The elephant tramples you but does no damage.
The elephant trunk-slaps you but does no damage.
The death yak stops moving altogether!
The wolf bites you but does no damage. x2
The elephant barely misses you. The elephant trunk-slaps you.
The wolf bites you.
* * * LOW HITPOINT WARNING * * *
The elephant tramples you!
* * * LOW HITPOINT WARNING * * *
You hold your ground!
The elephant trunk-slaps you.
* * * LOW HITPOINT WARNING * * *
The wolf bites you.
* * * LOW HITPOINT WARNING * * *
The elephant tramples you.
* * * LOW HITPOINT WARNING * * *
You are shoved backwards!
The wolf bites you but does no damage. x2; The elephant tramples you.
* * * LOW HITPOINT WARNING * * *
You are shoved backwards!
The wolf bites you but does no damage. The elephant tramples you!
* * * LOW HITPOINT WARNING * * *
You hold your ground!
The elephant trunk-slaps you but does no damage.
The wolf bites you but does no damage. The elephant tramples you!
You die...

###.... #.... ##..#. #####
#...## ####.#.###### ##....
#PP......##.# ##....
#.P........#### #####..#..
#..........#..####..#......
##.........@Y.###.#.#.......
#.........hhYY.##..........P
#..........h..............##
#............>...##.########
#............Y...#.## ##
##..............#### #.
#....<.........## ##.
#..............## #P.
##..............# ###..


You could see a death yak (petrified), 3 elephants and 3 wolves.

Vanquished Creatures
  Erica (D:8)
  4 hydras
  A catoblepas (Lair:5)
  2 two-headed ogres
  A death yak (Lair:5)
  3 bog bodies (Lair:4)
  Pikel (D:8)
  A lindwurm (Lair:3)
  9 elephants (Lair:5)
  2 black mambas
  7 cane toads
  3 rime drakes
  9 komodo dragons
  4 polar bears
  A troll (D:10)
  9 blink frogs
  A wraith (D:9)
  A wyvern (Lair:4)
  A basilisk (Lair:4)
  Eustachio (D:5)
  14 yaks
  3 steam dragons
  A swamp worm (Lair:4)
  10 water moccasins
  6 orc warriors
  2 ogres (D:5)
  2 ice beasts (D:6)
  2 sky beasts
  4 black bears
  5 necrophages (Lair:5)
  4 centaurs
  11 wolves
  3 phantoms
  2 kobold brigands
  2 lemures (D:8)
  A wyvern zombie (D:6)
  4 bullfrogs
  2 gnoll sergeants
  A scorpion (D:5)
  2 water moccasin skeletons
  A wyvern skeleton (D:6)
  12 killer bees
  10 wights
  6 howler monkeys
  3 vampire bats (D:4)
  3 electric eels
  5 centaur zombies
  6 hounds
  4 jellies
  A bullfrog zombie (D:6)
  A gnoll shaman (D:5)
  An orc priest (D:6)
  A centaur skeleton (D:7)
  3 iguanas
  3 orc wizards
  A scorpion zombie (D:5)
  2 hound zombies
  A howler monkey zombie (D:7)
  17 gnolls
  5 adders
  A howler monkey skeleton (D:7)
  2 river rats (D:4)
  A shadow imp (D:6)
  3 white imps
  2 ufetubi
  The ghost of spaghetti the Sneak, a weakling OpDe (D:6)
  A dart slug (D:2)
  26 orcs
  13 endoplasms
  2 giant cockroaches (D:4)
  12 goblins
  6 hobgoblins
  8 jackals
  4 quokkas
  9 ball pythons
  9 bats
  4 frilled lizards
  25 kobolds
  A quokka skeleton (D:4)
  4 rats
363 creatures vanquished.

Vanquished Creatures (collateral kills)
  A foxfire (Lair:2)
1 creature vanquished.

Vanquished Creatures (others)
  1511 foxfires
  26 fungi
  32 plants
  10 toadstools (D:2)
1579 creatures vanquished.

Grand Total: 1943 creatures vanquished

Notes
Turn   | Place    | Note
-------+----------+-------------------------------------------
     0 | D:1      | pkoi the Draconian Fire Elementalist began the quest for
                  | the Orb.
     0 | D:1      | Reached XP level 1. HP: 14/14 MP: 3/3
   291 | D:1      | Found Plog's Antique Armour Boutique.
   319 | D:1      | Reached XP level 2. HP: 15/20 MP: 3/5
  1245 | D:1      | Reached skill level 2 in Conjurations
  1247 | D:1      | Reached XP level 3. HP: 7/26 MP: 2/6
  1518 | D:1      | Found a faded altar of an unknown god.
  2271 | D:2      | Reached XP level 4. HP: 32/33 MP: 2/7
  2797 | D:3      | Reached skill level 3 in Conjurations
  3012 | D:3      | Reached XP level 5. HP: 38/38 MP: 2/9
  4522 | D:2      | Found Pudam's Assorted Antiques.
  5470 | D:4      | Found a staircase to the Ecumenical Temple.
  5480 | Temple   | Entered the Ecumenical Temple
  5695 | Temple   | Became a worshipper of Vehumet
  5718 | D:4      | Learned a level 3 spell: Conjure Flame
  5723 | D:4      | Learned a level 4 spell: Flame Wave
  6049 | D:4      | Reached skill level 4 in Conjurations
  6049 | D:4      | Reached XP level 6. HP: 45/45 MP: 3/10
  6065 | D:4      | Reached skill level 5 in Fire Magic
  7144 | D:4      | Your scales start taking on a rich purple colour.
  7144 | D:4      | Reached XP level 7. HP: 47/50 MP: 5/13
  7220 | D:4      | Learned a level 3 spell: Inner Flame
  7493 | D:4      | Reached skill level 5 in Conjurations
  7493 | D:4      | Reached skill level 1 in Hexes
  7777 | D:5      | Entered Level 5 of the Dungeon
  7778 | D:5      | Noticed Eustachio
  7785 | D:5      | Killed Eustachio
  8086 | D:5      | Reached * piety under Vehumet
  8086 | D:5      | Offered knowledge of Freeze by Vehumet.
  8130 | D:5      | Reached skill level 1 in Evocations
  8130 | D:5      | Reached XP level 8. HP: 57/57 MP: 8/15
  8275 | D:5      | Reached skill level 5 in Spellcasting
  8308 | D:5      | Learned a level 2 spell: Poisonous Vapours
  8346 | D:5      | Reached skill level 6 in Conjurations
  9569 | D:5      | Reached skill level 7 in Conjurations
 10117 | D:6      | Reached XP level 9. HP: 50/62 MP: 8/16
 10621 | D:6      | Reached ** piety under Vehumet
 10621 | D:6      | Offered knowledge of Sandblast by Vehumet.
 10741 | D:6      | Reached skill level 1 in Fighting
 10741 | D:6      | Reached skill level 1 in Air Magic
 10741 | D:6      | Reached skill level 1 in Poison Magic
 11190 | D:6      | Found a runed translucent door.
 11190 | D:6      | Noticed spaghetti's ghost (weakling OpDe)
 11543 | D:6      | Killed spaghetti's ghost
 11610 | D:7      | Noticed a komodo dragon
 11636 | D:7      | Killed a komodo dragon
 11759 | D:7      | Found Cheibriados's Comfort Zone.
 11759 | D:7      | Found a snail-covered altar of Cheibriados.
 12095 | D:7      | Reached skill level 8 in Conjurations
 12095 | D:7      | Offered knowledge of Static Discharge by Vehumet.
 12276 | D:7      | Identified the +9 trident "Conservator" {drain, rF++}
 12829 | D:8      | Reached XP level 10. HP: 70/74 MP: 13/17
 13035 | D:8      | Noticed Pikel
 13365 | D:8      | Killed Pikel
 13670 | D:8      | Reached skill level 5 in Hexes
 14118 | D:9      | Noticed Erica
 14459 | D:9      | Found a runed translucent door.
 14463 | D:9      | Noticed snaxamus's ghost (novice MiFi)
 14472 | D:9      | Noticed a two-headed ogre
 14497 | D:8      | Killed a two-headed ogre
 14655 | D:9      | Reached skill level 5 in Evocations
 14914 | D:9      | Reached *** piety under Vehumet
 14917 | D:9      | Reached skill level 9 in Conjurations
 15558 | D:9      | Found a staircase to the Orcish Mines.
 15691 | D:8      | Killed Erica
 15692 | D:8      | Reached XP level 11. HP: 53/84 MP: 12/20
 16332 | D:9      | Identified the +9 trident of Qiukenay {flame, +Blink rC+++
                  | Int-3 Dex-4}
 16370 | D:10     | Entered Level 10 of the Dungeon
 16381 | D:10     | Found a staircase to the Lair.
 16398 | D:10     | Offered knowledge of Sticky Flame by Vehumet.
 16677 | D:10     | Noticed a two-headed ogre
 16883 | D:10     | Found a shimmering blue altar of Sif Muna.
 17137 | D:10     | Found Xutow's Antique Armour Shop.
 17248 | D:10     | Killed a two-headed ogre
 17249 | D:10     | Reached skill level 5 in Fighting
 17249 | D:10     | Reached skill level 10 in Conjurations
 17390 | D:10     | Learned a level 4 spell: Airstrike
 18114 | Lair:1   | Entered Level 1 of the Lair of Beasts
 18126 | Lair:1   | Reached skill level 5 in Dodging
 18135 | Lair:1   | Reached **** piety under Vehumet
 18310 | Lair:1   | Noticed a four-headed hydra
 18316 | Lair:1   | Killed a four-headed hydra
 18607 | Lair:1   | Learned a level 4 spell: Sticky Flame
 18758 | Lair:1   | You fall into a shaft and drop 1 floor!
 19310 | Lair:1   | Noticed a seven-headed hydra
 19355 | Lair:1   | Killed a seven-headed hydra
 21004 | Lair:3   | Reached skill level 5 in Air Magic
 21264 | Lair:3   | Reached XP level 12. HP: 88/96 MP: 5/21
 21685 | Lair:3   | Found a staircase to the Snake Pit.
 22224 | Lair:3   | Identified the +0 robe "Onke" {Dex+3}
 22246 | Lair:3   | Reached skill level 11 in Conjurations
 22581 | Lair:4   | Reached skill level 1 in Unarmed Combat
 22729 | Lair:4   | Found a shimmering altar of Xom.
 23919 | Lair:4   | Found a staircase to the Swamp.
 24212 | Lair:4   | Noticed a five-headed hydra
 24223 | Lair:4   | Killed a five-headed hydra
 24531 | Lair:5   | Noticed a seven-headed hydra
 24761 | Lair:5   | Killed a seven-headed hydra
 24849 | Lair:5   | Offered knowledge of Fireball by Vehumet.
 24865 | Lair:5   | Reached skill level 12 in Conjurations
 24883 | Lair:5   | Reached XP level 13. HP: 69/101 MP: 5/25
 25040 | Lair:5   | Reached skill level 5 in Unarmed Combat
 25298 | Lair:5   | Found a staircase to the Slime Pits.
 25300 | Lair:5   | Found a viscous altar of Jiyva.
 25624 | Lair:5   | Learned a level 2 spell: Blink
 25630 | Lair:5   | Learned a level 5 spell: Fireball
 25636 | Lair:5   | Learned a level 5 spell: Blade Hands
 26187 | Lair:6   | Entered Level 6 of the Lair of Beasts
 26203 | Lair:5   | Reached skill level 1 in Translocations
 26653 | Lair:5   | HP: 1/102 [catoblepas (14)]
 27172 | Lair:5   | Reached skill level 1 in Transmutations
 27593 | Lair:5   | HP: 4/102 [elephant (4)]
 27594 | Lair:5   | Slain by an elephant

Illustrated notes

Levels and vault maps discovered:
D:1:      elethiomel_arrival_shortcut, layout_loops_corners,
          hellmonk_ecumenical_altar_leap_of_faith, serial_shops, shop,
          dk_noncrumbling_2
D:2:      cheibrodos_fertilizer, layout_basic, serial_shops,
          nicolae_shop_overgrown_old_shop
D:3:      layout_basic
D:4:      layout_basic, minmay_temple_entry_sparse_star, portal_sewer_entry_c,
          roderic_batcave
D:5:      minmay_octagon_keep, layout_basic, uniq_eustachio
D:6:      layout_basic, hellmonk_ghost_happy_afterlife,
          nicolae_concentric_dashed_squares_wild, hex_medium, minivault_19,
          minmay_fractal_squares_diagonal_5
D:7:      layout_rooms, minmay_shop_chei
D:8:      layout_basic, uniq_pikel
D:9:      layout_cave_pools, david_orc_1_choice, ebering_ghost_funeral_grove,
          uniq_erica
D:10:     layout_gridville, general_overflow_altar, erik_lair_island,
          serial_shops, shop
Temple:   compressed_dpeg_triangle_lava_temple
Lair:1:   layout_chaotic_city, minmay_holes, grunt_megastairs_3,
          infiniplex_staircase_pool_2
Lair:2:   layout_regular_city
Lair:3:   layout_cellular_growth, dummy_snake_entry
Lair:4:   layout_long_grid, nicolae_swamp_entry_splash_gauntlet, basic_altar,
          serial_bayou_ford_a, grunt_megastairs_1
Lair:5:   layout_cave_pods, slime_altar_1, roderic_carrion_pond,
          grunt_megastairs_4, serial_bayou_shore_b
Lair:6:   evilmike_catoblepas_cave, layout_cave_shapes

Skill      XL: |  1  2  3  4  5  6  7  8  9 10 11 12 13 |
---------------+----------------------------------------+-----
Conjurations   | 2 3 4 5 7 8 9 10 12 | 12.0
Fire Magic     | 4 5 6 7 8 9 |  9.0
Spellcasting   | 3 4 5 6 8 9 |  9.0
Hexes          | 2 3 4 5 6 |  6.0
Evocations     | 1 3 4 5 6 |  6.0
Dodging        | 2 4 6 |  6.0
Fighting       | 2 4 6 |  6.0
Air Magic      | 2 3 5 7 8 |  8.1
Poison Magic   | 2 3 |  3.0
Unarmed Combat | 4 5 |  5.7
Translocations | 2 |  2.0
Transmutations | 1 |  1.6
Stealth        | |  1.7

Action                   |  1- 3 |  4- 6 |  7- 9 | 10-12 | 13-15 || total
-------------------------+-------+-------+-------+-------+-------++-------
Melee: Dagger            |    44 |       |       |       |       ||    44
       Unarmed           |     1 |       |       |       |       ||     1
       Whip              |    15 |       |       |       |       ||    15
       Tailslap          |     5 |     2 |     3 |     7 |     1 ||    18
       Punch             |     1 |       |       |     2 |       ||     3
       Short sword       |     2 |    25 |       |       |       ||    27
       Staff             |       |       |    15 |     9 |       ||    24
       Trident           |       |       |       |    81 |     7 ||    88
 Cast: Foxfire           |    67 |   142 |   300 |   332 |    24 ||   865
       Flame Wave        |       |       |    13 |    46 |     9 ||    68
       Conjure Flame     |       |       |     1 |     6 |       ||     7
       Poisonous Vapours |       |       |       |     9 |     5 ||    14
       Sticky Flame      |       |       |       |    16 |    17 ||    33
       Airstrike         |       |       |       |     9 |     2 ||    11
 Abil: Breathe Dispellin |       |       |     2 |     1 |       ||     3
Evoke: Wand              |       |       |     1 |       |       ||     1
  Use: Scroll            |     4 |       |    15 |     3 |     6 ||    28
       Potion            |       |     3 |     1 |       |       ||     4
 Stab: Sleeping          |       |     1 |       |       |       ||     1
Armor: Skin              |    36 |    21 |    69 |    82 |    68 ||   276
Dodge: Dodged            |    65 |    49 |   146 |   267 |    74 ||   601
